 Seeded DCSS version 0.30.1-9-gdf580d7c3d (webtiles) character file.

Game seed: 7547814903460644772 (custom seed)

187 Psyclone the Stinger (level 5, -4/31 HPs)
             Began as an Octopode Venom Mage on Sept 27, 2023.
             Slain by Crazy Yiuf
             ... wielding a +4 quarterstaff of chaos
              (10 damage)
             ... on level 3 of the Dungeon.
             The game lasted 00:06:27 (2683 turns).

Psyclone the Stinger (Octopode Venom Mage)          Turns: 2683, Time: 00:06:28

Health: -4/31      AC:  1    Str:  8    XL:     5   Next: 66%
Magic:  1/8        EV: 13    Int: 19    God:
Gold:   259        SH:  0    Dex: 12    Spells: 1/8 levels left

rFire   . . .        g - +4 dagger
rCold   . . .        (no shield)
rNeg    . . .        (helmet restricted)
rPois   .            (no amulet)
rElec   .            (no ring)
rCorr   .            (no ring)
SInv    .            (no ring)
Will    .....        (no ring)
Stlth   +++          (no ring)
HPRegen 0.25/turn    (no ring)
MPRegen 0.11/turn    (no ring)
                     (no ring)

%: no passive effects
@: no status effects
A: almost no armour, amphibious, 8 rings, camouflage 1, gelatinous body 1,
(nimble swimmer 1), tentacles
a: no special abilities


You were on level 3 of the Dungeon.
You visited 1 branch of the dungeon, and saw 3 of its levels.

You collected 259 gold pieces.

Inventory:

Hand Weapons
 g - a +4 dagger (weapon)
Scrolls
 b - a scroll of identify {unknown}
 d - 2 scrolls of enchant weapon {unknown}
 f - a scroll of magic mapping {unknown}
 j - a scroll of immolation {unknown}
 k - a scroll of poison {unknown}
 l - a scroll of teleportation {unknown}
 o - a scroll of vulnerability {unknown}
 s - a scroll of amnesia {unknown}
Potions
 a - a potion of magic
 c - a potion of haste {unknown}
 e - 2 potions of experience {unknown}
 h - 2 potions of might {unknown}
 i - a potion of cancellation {unknown}
 m - a potion of degeneration {unknown}
 n - a potion of brilliance {unknown}
 p - a potion of resistance {unknown}
 q - 2 potions of attraction {unknown}
 r - a potion of flight {unknown}


   Skills:
 - Level 2.0 Dodging
 - Level 2.6 Stealth
 - Level 2.0 Spellcasting
 - Level 1.0 Transmutations
 + Level 7.4 Poison Magic


You had one spell level left.
You knew the following spells:

 Your Spells              Type           Power      Damage    Failure   Level
a - Poisonous Vapours     Pois/Air       32%        N/A       5%          2
v - Sting                 Tmut/Pois      72%        1d6       3%          1
x - Olgreb's Toxic Radia  Pois           30%        N/A       8%          4

Your spell library contained the following spells:

 Spells                   Type           Power      Damage    Failure   Level
 Mephitic Cloud           Conj/Pois/Air  11%        N/A       19%         3
 Blink                    Tloc           2%         N/A       26%         2
 Lesser Beckoning         Tloc           2%         N/A       26%         2
 Gell's Gravitas          Tloc           1%         N/A       45%         3
 Inner Flame              Hex/Fire       1%         N/A       45%         3
 Teleport Other           Tloc           1%         N/A       45%         3
 Manifold Assault         Tloc           1%         N/A       86%         4
 Yara's Violent Unravell  Hex/Tmut       1%         3d3       98%         5
 Freezing Cloud           Conj/Ice/Air   0%         6-21      99%         5
 Enfeeble                 Hex            0%         N/A       100%        7
 Storm Form               Tmut/Air       1%         N/A       100%        7


Dungeon Overview and Level Annotations

Branches:
Dungeon (3/15) Zot: 15309

Altars:
Ashenzari
Wu Jian

Annotations:
D:3 Crazy Yiuf


Innate Abilities, Weirdness & Mutations

You cannot wear most types of armour.
You are amphibious.
You can wear up to eight rings at the same time.
Your skin changes colour to match your surroundings (Stealth+).
Your rubbery body absorbs attacks. (AC +1, EV +1)
((You are camouflaged when in or above water. (Stealth+)))
You have tentacles for arms and can constrict up to eight enemies at once.


Message History

Poisonous vapours surround Crazy Yiuf!
Crazy Yiuf is poisoned.
You now have 6/8 mp.
Casting: Poisonous Vapours (safe; 5% risk of failure)
Confirm with . or Enter, or press ? or * to list all spells.
Aiming: Poisonous Vapours (safe; 5% risk of failure)
Press: ? - help, Dir - move target, f/p - Crazy Yiuf
Aim: Crazy Yiuf, wielding a +4 quarterstaff of chaos and wearing a +0 cloak (poisoned) Poisonous vapours surround Crazy Yiuf!
Crazy Yiuf looks even sicker.
You now have 4/8 mp.
Crazy Yiuf twirls on the spot.
Crazy Yiuf attacks as you move away! Crazy Yiuf barely misses you.
Crazy Yiuf screams, "Ice hand noodlescoop!"
Casting: Poisonous Vapours (safe; 5% risk of failure)
Confirm with . or Enter, or press ? or * to list all spells.
Aiming: Poisonous Vapours (safe; 5% risk of failure)
Press: ? - help, Dir - move target, f/p - Crazy Yiuf
Aim: Crazy Yiuf, wielding a +4 quarterstaff of chaos and wearing a +0 cloak (moderately wounded, poisoned) Poisonous vapours surround Crazy Yiuf!
Crazy Yiuf looks even sicker.
Crazy Yiuf says, "Hack chair sanguine!"
Crazy Yiuf hits you with a +4 quarterstaff of chaos!
Crazy Yiuf freezes you.
You take 10 damage, and have 21/31 hp.
MASSIVE DAMAGE!!
You now have 3/8 mp.
Casting: Poisonous Vapours (safe; 5% risk of failure)
Confirm with . or Enter, or press ? or * to list all spells.
Aiming: Poisonous Vapours (safe; 5% risk of failure)
Press: ? - help, Dir - move target, f/p - Crazy Yiuf
Aim: Crazy Yiuf, wielding a +4 quarterstaff of chaos and wearing a +0 cloak (moderately wounded, very poisoned) Poisonous vapours surround Crazy Yiuf!
Crazy Yiuf looks even sicker.
Crazy Yiuf closely misses you.
You now have 1/8 mp.
Crazy Yiuf attacks as you move away!
Crazy Yiuf hits you with a +4 quarterstaff of chaos!
Ouch! That really hurt!
* * * LOW HITPOINT WARNING * * *
You feel your power leaking away.
Crazy Yiuf glowers.
You take 17 damage, and have 5/31 hp.
MASSIVE DAMAGE!!
You now have 0/8 mp.
Crazy Yiuf attacks as you move away!
Crazy Yiuf hits you with a +4 quarterstaff of chaos!
You die...

...#
#...'.♣♣♣♣......#
.### #)..#♣♣
♣♣P....# .### ###
♣♣##..# ...# #.##
.### #.# .####
####.# ....#
#####....# .##.#
#.....g###
###.### #.###@.#
.####8## #.###..#
..##...##
#.#....#
.##8...8#
#.#.##.#
.##.....##
#..<...#
....._..8#
###.####
.##.....## #.#
.##8...8### #.#
#.##...##.####.#


You could see Crazy Yiuf (very poisoned).

Vanquished Creatures
  Jessica (D:2)
  Natasha (thrice) (D:3)
  2 adders (D:2)
  4 worms
  A dart slug (D:3)
  An orc (D:3)
  3 ball pythons
  4 bats
  3 endoplasms
  A giant cockroach (D:3)
  8 hobgoblins
  3 jackals (D:2)
  2 quokkas (D:2)
  3 frilled lizards
  7 goblins
  5 kobolds
  2 rats (D:1)
53 creatures vanquished.

Notes
Turn   | Place    | Note
-------+----------+-------------------------------------------
     0 | D:1      | Psyclone the Octopode Venom Mage began the quest for the
                  | Orb.
     0 | D:1      | Reached XP level 1. HP: 11/11 MP: 3/3
    61 | D:1      | Found a faded altar of an unknown god.
   119 | D:1      | Reached skill level 4 in Poison Magic
   227 | D:1      | Reached XP level 2. HP: 17/17 MP: 1/5
   308 | D:1      | Learned a level 2 spell: Poisonous Vapours
   684 | D:2      | Noticed Jessica
   691 | D:2      | Reached skill level 5 in Poison Magic
   691 | D:2      | Reached XP level 3. HP: 17/21 MP: 1/6
   695 | D:2      | Killed Jessica
   787 | D:2      | Reached XP level 4. HP: 18/27 MP: 2/7
  1031 | D:2      | Reached skill level 6 in Poison Magic
  1483 | D:2      | Learned a level 4 spell: Olgreb's Toxic Radiance
  1750 | D:3      | Found an ornate altar of the Wu Jian Council.
  1773 | D:3      | Noticed Natasha
  1899 | D:3      | Found a runed translucent door.
  1900 | D:3      | Noticed Crazy Yiuf
  1951 | D:3      | Killed Natasha
  1952 | D:3      | Reached XP level 5. HP: 21/31 MP: 1/8
  2152 | D:3      | Noticed Natasha
  2156 | D:3      | Killed Natasha
  2157 | D:3      | Reached skill level 7 in Poison Magic
  2239 | D:3      | Found a broken altar of Ashenzari.
  2288 | D:3      | Noticed Natasha
  2295 | D:3      | Killed Natasha
  2683 | D:3      | Slain by Crazy Yiuf

Illustrated notes

Levels and vault maps discovered:
D:1:      lordsloth_arrival_two_stooges, layout_basic,
          chequers_ecumenical_altar_simple
D:2:      layout_loops_ring, uniq_jessica
D:3:      layout_loops_cross, ashenzari_conservatory_becter,
          nzn_wu_jian_council_hall, chequers_serial_rivers_room_a,
          grunt_decor_cap, hangedman_abyss_or_decor_lesser_grid,
          hangedman_decor_peaks_small, minmay_gold_behind_fungi, uniq_natasha,
          uniq_crazy_yiuf_cottage

Skill      XL: |  1  2  3  4  5 |
---------------+----------------+-----
Poison Magic   | 4 5 6 7 |  7.4
Dodging        | |  2.0
Stealth        | |  2.6
Spellcasting   | |  2.0
Transmutations | |  1.0

Action                     |  1- 3 |  4- 6 || total
---------------------------+-------+-------++-------
  Melee: Unarmed           |     5 |       ||     5
         Constrict         |    10 |    15 ||    25
         Dagger            |    30 |    58 ||    88
         Tentacles         |     7 |    11 ||    18
   Cast: Sting             |    10 |       ||    10
         Poisonous Vapours |    11 |    23 ||    34
   Stab: Sleeping          |     1 |     7 ||     8
 Armour: Skin              |     7 |     2 ||     9
  Dodge: Dodged            |    36 |    20 ||    56
